 Dungeon Crawl Stone Soup version 0.21-a0-72-gbbb65ab (webtiles) character file.

111 HAL9000 the Sneak (level 4, -1/23 HPs)
             Began as a Vine Stalker Assassin on June 20, 2017.
             Was an Initiate of Dithmenos.
             Killed from afar by an orc wizard (5 damage)
             ... with a puff of frost
             ... on level 3 of the Dungeon.
             The game lasted 00:06:52 (2360 turns).

HAL9000 the Sneak (Vine Stalker Assassin)           Turns: 2360, Time: 00:06:52

Health: -1/23      AC:  4    Str: 14    XL:     4   Next: 92%
Magic:  0/5        EV: 11    Int: 11    God:    Dithmenos [......]
Gold:   61         SH:  0    Dex: 16    Spells: 3/3 levels left

rFire    . . .     SeeInvis .   a - +2 dagger
rCold    . . .     Gourm    .   (no shield)
rNeg     . . .     Faith    .   c - +0 robe
rPois    .         Spirit   +   (no helmet)
rElec    .         Reflect  .   d - +0 cloak
rCorr    .         Harm     .   u - +0 pair of gloves
MR       .....                  (no boots)
Stlth    ++........             (no amulet)
HPRegen  0.47/turn              t - ring of loudness (curse)
MPRegen  0.09/turn              (no ring)

@: no status effects
A: fangs 2, regeneration 1, magic shield, antimagic bite, no potion heal 3, rot
immunity
a: Renounce Religion


You were on level 3 of the Dungeon.
You worshipped Dithmenos.
Dithmenos was noncommittal.
You were hungry.

You visited 1 branch of the dungeon, and saw 3 of its levels.

You collected 61 gold pieces.

Inventory:

Hand Weapons
 a - a +2 dagger (weapon)
 b - a +0 blowgun
Missiles
 e - 19 poisoned needles
 f - 2 curare-tipped needles
Armour
 c - a +0 robe (worn)
 d - a +0 cloak (worn)
 u - a +0 pair of gloves (worn)
Jewellery
 t - a cursed ring of loudness (left hand)
Wands
 s - a wand of digging (13/24)
 y - a wand of polymorph (12/24)
Scrolls
 h - a scroll of random uselessness {unknown}
 i - 3 scrolls of recharging {unknown}
 p - a scroll of immolation {unknown}
 q - a scroll of noise {unknown}
 w - a scroll of identify {unknown}
 x - a scroll of teleportation {unknown}
 A - a scroll of fear {unknown}
 B - a scroll of enchant weapon {unknown}
Potions
 j - a potion of degeneration {unknown}
 k - 2 potions of agility {unknown}
 m - 2 potions of heal wounds {unknown}
 o - 2 potions of curing {unknown}
 v - 2 potions of ambrosia {unknown}
 z - a potion of flight {unknown}
Comestibles
 g - 2 bread rations
 l - 2 royal jellies
 n - 3 fruits


   Skills:
 - Level 1.7 Fighting
 + Level 4.4 Short Blades
 - Level 1.7 Throwing
 - Level 0.7 Dodging
 - Level 4.8 Stealth


You had 3 spell levels left.
You didn't know any spells.

Dungeon Overview and Level Annotations

Branches:
Dungeon (3/15)

Altars:
Ashenzari
Dithmenos
Yredelemnul
The Shining One

Annotations:
D:3 xgamer67's ghost, weakling VSBe


Innate Abilities, Weirdness & Mutations

You have extremely sharp teeth.
Your natural rate of healing is unusually fast.
When hurt, damage is shared between your health and your magic reserves.
Your bite disrupts and absorbs the magic of your enemies.
Potions cannot restore your health.
You are immune to rotting.


Message History

You hear some strange, mumbled words.
You hit something. You bite something.
You hear some strange, mumbled words.
A puff of flame appears from out of thin air!
The puff of flame hits you!
You hit something. Something hits you.
* * * LOW HITPOINT WARNING * * *
You miss something. You bite something. You drain its magic.
You feel invigorated. Dithmenos accepts your kill.
Dithmenos appreciates your extinguishing a source of fire.
Reactivating autopickup.
You feel a bit more experienced. The orc wizard casts a spell at you.
The magic dart hits you!
* * * LOW HITPOINT WARNING * * *
There is an open door here.
The orc wizard gestures at you while chanting.
The puff of frost hits you!
You die... .##... .....## ..... #...# oog

#)# #.# ##o## ###
##.@.## #.. ##.....##
#.## ##.......## #..##
#.......<.####...#####
+..................{{.
#..................###
##.......#.###..##.#
##.....##.# #.###.#
##...###.# #...#.#


You could see an orc wizard, 2 orcs and a goblin.

Vanquished Creatures
  An orc wizard (D:3)
  2 adders (D:2)
  An ooze (D:2)
  2 worms
  5 leopard geckos
  A ball python (D:1)
  3 bats
  4 giant cockroaches
  7 goblins
  10 hobgoblins
  2 jackals (D:2)
  3 kobolds (D:2)
  5 frilled lizards
  2 rats (D:2)
48 creatures vanquished.

Notes
Turn   | Place    | Note
-------+----------+-------------------------------------------
     0 | D:1      | HAL9000 the Vine Stalker Assassin began the quest for the Orb.
     0 | D:1      | Reached XP level 1. HP: 11/11 MP: 2/2
   129 | D:1      | Reached XP level 2. HP: 14/15 MP: 3/3
   689 | D:2      | Reached XP level 3. HP: 18/18 MP: 4/4
  1120 | D:2      | Found a shattered altar of Ashenzari.
  1433 | D:2      | Found a basalt altar of Yredelemnul.
  1671 | D:2      | Found a shadowy altar of Dithmenos.
  1672 | D:2      | Found a glowing golden altar of the Shining One.
  1689 | D:2      | Became a worshipper of Dithmenos the Shadowed
  1753 | D:2      | Gained mutation: Your natural rate of healing is unusually fast. [Vine Stalker growth]
  1753 | D:2      | Reached XP level 4. HP: 22/23 MP: 5/5
  2270 | D:3      | Noticed xgamer67's ghost (weakling VSBe)
  2360 | D:3      | Killed from afar by an orc wizard

Vault maps used:
D:1:      minmay_arrival_hallway
D:2:      old_standard_altar, lemuel_round_altar,
          gammafunk_temple_overflow_statue
D:3:      minmay_goblin_kobold_castle

Skill      XL: |  1  2  3  4 |
---------------+-------------+-----
Short Blades   | 2 3 4 |  4.4
Fighting       | |  1.7
Throwing       | |  1.7
Dodging        | |  0.7
Stealth        | |  4.8

Action                   |  1- 3 |  4- 6 || total
-------------------------+-------+-------++-------
Melee: Dagger            |    93 |    66 ||   159
       Bite              |    23 |    18 ||    41
 Stab: Sleeping          |     9 |       ||     9
       Distracted        |     1 |       ||     1
  Eat: Chunk             |     2 |     2 ||     4
Armor: Robe              |    13 |     6 ||    19
Dodge: Dodged            |    34 |    17 ||    51
